 Dungeon Crawl Stone Soup version 0.24-a0-102-g7635c99 (console) character file.

Game seed: 17542607814748490502

20 Duffy the Caller (level 2, -1/22 HPs)
             Began as a Naga Summoner on Feb 12, 2019.
             Slain by a bullfrog skeleton (3 damage)
             ... on level 4 of the Dungeon.
             The game lasted 00:02:30 (690 turns).

Duffy the Caller (Naga Summoner)                     Turns: 690, Time: 00:02:31

Health: -1/22      AC:  1    Str: 10    XL:     2   Next: 79%
Magic:  1/5        EV: 10    Int: 15    God:
Gold:   35         SH:  0    Dex: 11    Spells: 3/6 levels left

rFire    . . .     SeeInvis +   d - +0 hand axe (drain)
rCold    . . .     Gourm    .   (no shield)
rNeg     . . .     Faith    .   a - +0 robe
rPois    +         Spirit   .   (no helmet)
rElec    .         Reflect  .   (no cloak)
rCorr    .         Harm     .   (no gloves)
MR       .....                  (no barding)
Stlth    ++........             (no amulet)
HPRegen  0.07/turn              (no ring)
MPRegen  0.09/turn              (no ring)

@: very slow
A: large, see invisible, deformed body, poison resistance, slowness 2, slow
metabolism 1, spit poison 1, AC +0
a: Spit Poison


You were on level 4 of the Dungeon.
You were not hungry.

You visited 1 branch of the dungeon, and saw 4 of its levels.

You collected 35 gold pieces.

Inventory:

Hand Weapons
 d - a +0 hand axe of draining (weapon)
Armour
 a - a +0 robe (worn)
Comestibles
 b - 2 chunks of flesh
 c - 4 rations


   Skills:
 - Level 1.5 Dodging
 - Level 3.0 Stealth
 + Level 2.5 Spellcasting
 + Level 4.4 Summonings


You had 3 spell levels left.
You knew the following spells:

 Your Spells              Type           Power        Failure   Level  Hunger
h - Call Imp              Summ           ###.....     5%          2    ###....
j - Summon Small Mammal   Summ           ###.         3%          1    #......

Your spell library contained the following spells:

 Spells                   Type           Power        Failure   Level  Hunger
 Call Canine Familiar     Summ           ###.....     11%         3    ###....
 Summon Guardian Golem    Hex/Summ       #.......     26%         3    ###....
 Summon Ice Beast         Ice/Summ       #.......     63%         4    #####..
 Summon Lightning Spire   Summ/Air       #.......     63%         4    #####..


Dungeon Overview and Level Annotations

Branches:
Dungeon (4/15)
 Temple: D:4-7

Altars:
Elyvilon
Gozag

Annotations:
D:3 Grinder


Innate Abilities, Weirdness & Mutations

You cannot wear boots.
Your serpentine skin is tough. (AC +0)
You have supernaturally acute eyesight. (SInv)
Armour fits poorly on your strangely shaped body.
Your system is resistant to poisons. (rPois)
You cover ground very slowly.
You have a slow metabolism.
You can spit poison.


Message History

Grinder closely misses you.
You swap places.
Grinder barely misses your white imp.
Your white imp gestures at Grinder.
The puff of frost hits Grinder.
Grinder resists.
Cast which spell? (? or * to list)
A beastly little devil appears in a puff of frigid air.
Grinder blinks!
You swap places.
There is a stone staircase leading down here.
You climb downwards.
Your summoned ally is left behind.
The bullfrog skeleton hits you! The bullfrog skeleton hits you.
There is a stone staircase leading up, spattered with blood here.
You aren't carrying any potions.
You aren't carrying any scrolls.
Unknown command.
Cast which spell? (? or * to list)
You don't have enough magic to cast that spell.
Cast which spell? (? or * to list)
The bullfrog skeleton hits you.
You die...

# ########.
#####.#........
..[....@#
###..rZ.#
##...## ##.# #.
#. #


You could see a bullfrog skeleton and a friendly rat.

Vanquished Creatures
  An orc (D:3)
  A giant cockroach (D:2)
  2 hobgoblins
  A bat (D:3)
  A frilled lizard (D:3)
  3 rats
9 creatures vanquished.

Vanquished Creatures (collateral kills)
  An ooze (D:3)
  A worm (D:3)
  2 orcs (D:3)
  2 goblins
  A bat (D:2)
  A frilled lizard (D:3)
8 creatures vanquished.

Grand Total: 17 creatures vanquished

Notes
Turn   | Place    | Note
-------+----------+-------------------------------------------
     0 | D:1      | Duffy the Naga Summoner began the quest for the Orb.
     0 | D:1      | Reached XP level 1. HP: 15/15 MP: 3/3
   241 | D:2      | Found an opulent altar of Gozag.
   306 | D:3      | Reached XP level 2. HP: 17/22 MP: 3/5
   310 | D:3      | Learned a level 2 spell: Call Imp
   499 | D:3      | Found a white marble altar of Elyvilon.
   677 | D:3      | Noticed Grinder
   690 | D:4      | Slain by a bullfrog skeleton

Levels and vault maps discovered:
D:1:      eino_arrival_tree_alley, layout_basic
D:2:      layout_loops_ring, minmay_misc_feat_hallway, grunt_gozag_statues
D:3:      layout_loops_ring, lemuel_coloured_pillars_altar, first_ration,
          uniq_grinder
D:4:      layout_loops_corners, serial_shops, shop, supply_closet_lemuel

Action                   || total
-------------------------++-------
Melee: Hand axe          ||     5
 Cast: Summon Small Mamm ||     4
       Call Imp          ||     9
 Abil: Spit Poison       ||    14
Armor: Robe              ||     9
Dodge: Dodged            ||    20

Table legend:
 A = Non-vault XP
 B = Vault XP
 C = Vault XP percentage of total XP
 D = Non-vault monster count
 E = Vault monster count
 F = Vault count percentage of total count
                 A         B        C        D         E       F
            +---------+---------+-------+---------+---------+-------
      Total |      29 |       0 |   0.0 |      17 |       0 |   0.0
            +---------+---------+-------+---------+---------+-------
        D:2 |       9 |       0 |   0.0 |       6 |       0 |   0.0
        D:3 |      20 |       0 |   0.0 |      11 |       0 |   0.0
            +---------+---------+-------+---------+---------+-------
